 Dungeon Crawl Stone Soup version 0.29.1-12-g30fa7ad0bf (webtiles) character file.

Game seed: 6581918825597139078

10437 GeoRichter the Destroyer (level 11, 0/75 HPs)
             Began as a Demonspawn Conjurer on Dec 20, 2022.
             Was a Priest of Sif Muna.
             Slain by an ice devil (12 damage)
             ... summoned by a kobold demonologist
             ... on level 9 of the Dungeon.
             The game lasted 00:39:58 (13516 turns).

GeoRichter the Destroyer (Demonspawn Conjurer)     Turns: 13516, Time: 00:39:59

Health: 0/75       AC:  9    Str: 10    XL:     11   Next: 36%
Magic:  10/23      EV: 12    Int: 26    God:    Sif Muna [***...]
Gold:   83         SH:  4    Dex: 12    Spells: 10/27 levels left

rFire   + + +      SeeInvis .   q - +9 mace of the Messenger {freeze, Stlth+}
rCold   . . .      Faith    .   (no shield)
rNeg    . . .      Spirit   .   j - +1 leather armour of the Forest {Drain rF+ Str+3 Int+2}
rPois   .          Reflect  .   (helmet restricted)
rElec   .          Harm     .   n - +0 cloak
rCorr   .          Rampage  .   (no gloves)
Will    .....                   (no boots)
Stlth   +++.......              o - amulet of magic regeneration
HPRegen 0.22/turn               A - ring of protection from fire
MPRegen 0.58/turn               G - ring of protection from fire

@: no status effects
A: antennae 2, icemail 1, spiny 1, condensation shield
a: Renounce Religion, Channel Magic, Forget Spell


You were on level 9 of the Dungeon.
You worshipped Sif Muna.
Sif Muna was most pleased with you.
You visited 2 branches of the dungeon, and saw 11 of its levels.
You also visited: Bailey.

You collected 677 gold pieces.
You spent 594 gold pieces at shops.

Inventory:

Hand Weapons
 q - the +9 mace of the Messenger (weapon) {freeze, Stlth+}
   (You found it on level 3 of the Dungeon)

   It freezes those it strikes, dealing additional cold damage.
   It can also slow down cold-blooded creatures.
   Stlth:     It makes you more stealthy.
Missiles
 w - 2 throwing nets {!f}
Armour
 j - the +1 leather armour of the Forest (worn) {Drain rF+ Str+3 Int+2}
   (You found it on level 2 of the Dungeon)

   Str:       It affects your strength (+3).
   Int:       It affects your intelligence (+2).
   rF:        It protects you from fire.
   Drain:     It drains your maximum health when unequipped.
 n - a +0 cloak (worn)
   (You found it on level 5 of the Dungeon)
 K - +0 steam dragon scales
   (You took it off Maggie on level 7 of the Dungeon)
Magical Staves
 d - a staff of fire
   (You found it on level 1 of the Dungeon)
 D - a staff of death
   (You found it on level 6 of the Dungeon)
 Q - a staff of air
   (You found it in a bailey)
Jewellery
 o - an amulet of magic regeneration (around neck)
   (You found it on level 2 of the Dungeon)
 A - a ring of protection from fire (left hand)
   (You took it off an orc on level 5 of the Dungeon)
 G - a ring of protection from fire (right hand)
   (You found it on level 7 of the Dungeon)
Wands
 h - a wand of iceblast (4)
   (You found it on level 5 of the Dungeon)
 B - a wand of paralysis (8)
   (You took it off an orc on level 5 of the Dungeon)
 E - a wand of mindburst (13)
   (You took it off Joseph on level 7 of the Dungeon)
Scrolls
 c - 3 scrolls of vulnerability {unknown}
 i - a scroll of silence
 k - a scroll of blinking {unknown}
 m - a scroll of noise {!r}
 r - a scroll of identify {@r1}
 t - a scroll of brand weapon {unknown}
 v - a scroll of enchant weapon {unknown}
 x - 2 scrolls of fog
 y - a scroll of magic mapping
 C - 2 scrolls of fear {unknown}
 F - 2 scrolls of amnesia
 I - a scroll of teleportation {@r4}
 J - 3 scrolls of poison {!r}
 M - a scroll of immolation {unknown}
 N - a scroll of enchant armour {unknown}
 P - a scroll of summoning {unknown}
Potions
 a - a potion of berserk rage {unknown}
 b - a potion of cancellation {unknown}
 e - a potion of resistance
 f - 4 potions of curing {@q1}
 g - 3 potions of heal wounds {@q2}
 l - 3 potions of attraction {!q}
 p - 2 potions of might {unknown}
 s - 4 potions of mutation {!q}
 u - a potion of invisibility
 z - a potion of lignification {unknown}
 H - a potion of ambrosia {unknown}
 L - a potion of flight {unknown}
 O - a potion of haste {@q3}


   Skills:
 + Level 3.5 Fighting
 - Level 2.0 Armour
 + Level 3.9 Dodging
 - Level 1.7 Stealth
 + Level 8.9 Spellcasting
 * Level 10.5 Conjurations
 - Level 5.0 Translocations
 * Level 0.8 Fire Magic
 - Level 8.0 Ice Magic


You had 10 spell levels left.
You knew the following spells:

 Your Spells              Type           Power      Damage    Failure   Level
a - Magic Dart            Conj           100%       1d8       1%          1
b - Searing Ray           Conj           100%       2d8       1%          2
c - Iskenderun's Mystic   Conj/Tloc      51%        2d11      2%          4
d - Blink                 Tloc           74%        N/A       1%          2
e - Frozen Ramparts       Ice            100%       1d16      1%          3
f - Iskenderun's Battles  Conj           60%        2d11      2%          5

Your spell library contained the following spells:

 Spells                   Type           Power      Damage    Failure   Level
 Foxfire                  Conj/Fire      100%       2x1d9     1%          1
 Freeze                   Ice            100%       1d11      1%          1
 Dazzling Flash           Conj/Hex       78%        N/A       2%          3
 Lesser Beckoning         Tloc           37%        N/A       2%          3
 Beastly Appendage        Tmut           22%        N/A       7%          1
 Slow                     Hex            44%        N/A       7%          1
 Sting                    Tmut/Pois      44%        1d5       7%          1
 Fulminant Prism          Conj/Hex       19%        3d11      8%          4
 Wereblood                Tmut           11%        N/A       11%         2
 Fireball                 Conj/Fire      20%        3d10      19%         5
 Spider Form              Tmut/Pois      11%        N/A       21%         3
 Lightning Bolt           Conj/Air       19%        1d34      22%         5
 Manifold Assault         Tloc           37%        N/A       24%         5
 Leda's Liquefaction      Hex/Erth       5%         N/A       56%         4
 Orb of Destruction       Conj           30%        9d10      58%         7
 Conjure Ball Lightning   Conj/Air       19%        3x3d6     75%         6
 Chain Lightning          Conj/Air       19%        3d26      100%        9
 Fire Storm               Conj/Fire      20%        8d5       100%        9


Dungeon Overview and Level Annotations

Branches:
Dungeon (10/15) Zot: 26060  Temple (1/1) D:4 Zot: 5955    Lair (0/5) D:10
    Orc (0/2) D:9          Bailey (visited)

Altars:
Ashenzari
Cheibriados
Dithmenos
Fedhas
Hepliaklqana
Kikubaaqudgha
Makhleb
Okawaru
Qazlal
Ru
Sif Muna
Trog
Uskayaw
Vehumet
Wu Jian
Xom
Yredelemnul
Lugonu

Shops:
D:2 [   D:5 :

Annotations:
D:9 exclusions: deep elf pyromancer and kobold demonologist


Innate Abilities, Weirdness & Mutations

You have a pair of antennae on your head.
A meltable icy envelope protects you from harm. (AC +4)
You are partially covered in sharp spines.
A meltable shield of frost defends you. (SH +4)


Message History

Your battlesphere fires!
The barrage of energy hits the sixfirhy!
You block the sixfirhy's attack.
The kobold demonologist hits you but does no damage.
The sixfirhy barely misses you.
Aim: a kobold demonologist, wielding a +0 dagger and wearing a +0 robe (moderately wounded, 76% to hit)
The searing ray hits the kobold demonologist but does no damage. (Press . to maintain the ray.)
The sixfirhy hits you! The sixfirhy shocks you!
* * * LOW HITPOINT WARNING * * *
The sixfirhy is struck by your spines.
The sixfirhy hits you but does no damage.
Your battlesphere fires!
The barrage of energy hits the sixfirhy.
Your battlesphere expends the last of its energy and dissipates.
The sixfirhy is struck by your spines. The sixfirhy hits you.
* * * LOW HITPOINT WARNING * * *
The sixfirhy shocks you!
* * * LOW HITPOINT WARNING * * *
The kobold demonologist closely misses you.
The searing ray hits the kobold demonologist.
The kobold demonologist is struck by your spines.
The kobold demonologist hits you but does no damage.
The searing ray hits the kobold demonologist.
The kobold demonologist casts a cantrip, but nothing happens.
Restarting spell: Searing Ray (safe; 1% risk of failure)
Aim: a kobold demonologist, wielding a +0 dagger and wearing a +0 robe (heavily wounded, 76% to hit)
The searing ray misses the kobold demonologist. (Press . to maintain the ray.)
The sixfirhy hits you but does no damage.
You block the sixfirhy's attack. The sixfirhy is struck by your spines.
The sixfirhy closely misses you.
The kobold demonologist hits you but does no damage.
You block the sixfirhy's attack.
The searing ray hits the kobold demonologist.
You block the sixfirhy's attack. The sixfirhy is struck by your spines.
You kill the sixfirhy!
The sixfirhy disappears in a puff of smoke!
The kobold demonologist hits you but does no damage.
The searing ray hits the kobold demonologist.
The kobold demonologist mumbles some strange words.
The searing ray hits the kobold demonologist.
You finish channelling your searing ray.
The kobold demonologist looks encouraged for a moment.
The ice devil is struck by your spines. The ice devil barely misses you.
The kobold demonologist casts a cantrip, but nothing happens.
The ice devil hits you!
* * * LOW HITPOINT WARNING * * *
The ice devil freezes you!
You die... ###.............................. #............######..#####.......##....§§§§§##............

You could see an ice devil (summoned) and a kobold demonologist.

Vanquished Creatures
  An orc warlord (Bailey)
  A two-headed ogre (D:8)
  An orc knight (Bailey)
  A manticore (D:9)
  Joseph (D:7)
  Maggie (D:7)
  A troll (D:9)
  2 hornets (D:9)
  A shadow (D:9)
  7 yaks (D:9)
  2 wraiths (D:9)
  A wyvern (D:9)
  2 steam dragons (D:9)
  A basilisk (D:7)
  A water moccasin (D:7)
  An ice beast (D:6)
  19 orc warriors
  A black bear (D:6)
  An ogre (D:5)
  A phantom (D:4)
  5 centaurs
  2 kobold brigands
  A bullfrog (D:6)
  4 necrophages
  A gnoll sergeant (D:8)
  2 scorpions
  3 wights (D:6)
  A jelly (D:6)
  7 killer bees (D:9)
  5 hounds
  3 iron imps (D:3)
  2 gnoll boudas (D:5)
  3 orc priests
  Crazy Yiuf (D:7)
  An iguana (D:4)
  Natasha (twice) (D:3)
  12 orc wizards
  24 gnolls
  2 adders
  A shadow imp (D:5)
  A white imp (D:5)
  An ufetubus (D:5)
  A worm (D:2)
  A dart slug (D:1)
  49 orcs
  6 ball pythons
  3 bats
  8 endoplasms
  2 giant cockroaches
  23 goblins
  20 hobgoblins
  7 jackals (D:1)
  9 kobolds
  A quokka (D:3)
  3 frilled lizards
  5 rats
269 creatures vanquished.

Vanquished Creatures (others)
  A withered plant (D:1)
1 creature vanquished.

Grand Total: 270 creatures vanquished

Notes
Turn   | Place    | Note
-------+----------+-------------------------------------------
     0 | D:1      | GeoRichter the Demonspawn Conjurer began the quest for the
                  | Orb.
     0 | D:1      | Reached XP level 1. HP: 13/13 MP: 3/3
   253 | D:1      | Gained mutation: A meltable shield of frost defends you.
                  | (SH +4) [demonic ancestry]
   253 | D:1      | Reached XP level 2. HP: 3/19 MP: 0/5
   559 | D:1      | Learned a level 2 spell: Searing Ray
   939 | D:1      | Found a faded altar of an unknown god.
  1207 | D:1      | Gained mutation: You have a pair of small antennae on your
                  | head. [demonic ancestry]
  1207 | D:1      | Reached XP level 3. HP: 24/24 MP: 4/6
  1420 | D:2      | Identified the +1 leather armour of the Forest {Drain rF+
                  | Str+3 Int+2}
  1584 | D:2      | Found Mowuneu's Antique Armour Boutique.
  2403 | D:3      | Reached skill level 5 in Conjurations
  2836 | D:3      | Identified the +9 mace of the Messenger {freeze, Stlth+}
  2955 | D:3      | Noticed Natasha
  2988 | D:3      | Killed Natasha
  2989 | D:3      | Gained mutation: A meltable icy envelope protects you from
                  | harm. (AC +4) [demonic ancestry]
  2989 | D:3      | Reached XP level 4. HP: 30/30 MP: 3/8
  3112 | D:3      | Found a burning altar of Makhleb.
  3328 | D:3      | Gained mutation: You are partially covered in sharp spines.
                  | [demonic ancestry]
  3328 | D:3      | Reached XP level 5. HP: 35/35 MP: 5/9
  3505 | D:3      | Noticed Natasha
  3512 | D:3      | Killed Natasha
  3513 | D:3      | Reached skill level 6 in Conjurations
  3950 | D:4      | Learned a level 4 spell: Iskenderun's Mystic Blast
  3964 | D:4      | Reached XP level 6. HP: 41/41 MP: 6/11
  4120 | D:4      | Found a stormy altar of Qazlal.
  4483 | D:4      | Reached skill level 1 in Translocations
  4563 | D:4      | Found a hide-covered altar of Uskayaw.
  4565 | D:4      | Found an ancient bone altar of Kikubaaqudgha.
  4712 | D:4      | Found a staircase to the Ecumenical Temple.
  4979 | Temple   | Entered the Ecumenical Temple
  5109 | D:5      | Entered Level 5 of the Dungeon
  5181 | D:5      | You fall into a shaft and drop 3 floors!
  5224 | D:8      | Reached skill level 7 in Conjurations
  5224 | D:8      | Reached XP level 7. HP: 40/46 MP: 3/13
  6341 | D:5      | Gained mutation: You have a pair of antennae on your head.
                  | [demonic ancestry]
  6341 | D:5      | Reached XP level 8. HP: 52/52 MP: 6/15
  6346 | D:5      | Reached skill level 8 in Conjurations
  6575 | D:5      | Found a shimmering blue altar of Sif Muna.
  6582 | D:5      | Got Sif Muna's Omnibus of Variable Fascination
  6584 | D:5      | Became a worshipper of Sif Muna the Loreminder
  6591 | D:5      | Learned a level 2 spell: Blink
  6624 | D:5      | Found a bloodstained altar of Trog.
  6688 | D:5      | Got the Anthology of Algid Spellbinding
  6735 | D:5      | Found Sataxt's Book Shop.
  6777 | D:5      | Found an ornate altar of the Wu Jian Council.
  7139 | D:6      | Reached skill level 5 in Spellcasting
  7509 | D:6      | Noticed a troll
  7545 | D:6      | Reached skill level 5 in Translocations
  7552 | D:6      | Reached skill level 9 in Conjurations
  7556 | D:6      | Learned a level 3 spell: Frozen Ramparts
  7597 | D:6      | Reached skill level 1 in Ice Magic
  7880 | D:6      | Reached XP level 9. HP: 57/57 MP: 13/17
  8004 | D:7      | Found a runed translucent door.
  8005 | D:7      | Noticed Crazy Yiuf
  8122 | D:7      | Noticed Maggie
  8161 | D:7      | Reached * piety under Sif Muna
  8752 | D:7      | Noticed Joseph
  8763 | D:7      | Killed Joseph
  9186 | D:7      | Found a shimmering altar of Xom.
  9339 | D:7      | Killed Crazy Yiuf
  9340 | D:7      | Reached skill level 5 in Ice Magic
  9550 | D:8      | Noticed a two-headed ogre
  9566 | D:8      | Found a radiant altar of Vehumet.
  9887 | D:8      | Reached ** piety under Sif Muna
 10001 | D:9      | Found a staircase to the Orcish Mines.
 10014 | D:9      | Noticed a troll
 10028 | D:9      | Killed a troll
 10416 | D:9      | Found an iron altar of Okawaru.
 10446 | D:9      | Reached XP level 10. HP: 63/63 MP: 12/20
 10643 | D:9      | Noticed a manticore
 10720 | D:7      | Killed Maggie
 10812 | D:8      | Killed a two-headed ogre
 10857 | D:9      | Found a shadowy altar of Dithmenos.
 11012 | D:9      | Reached skill level 1 in Fighting
 11012 | D:9      | Reached skill level 1 in Armour
 11235 | D:9      | Noticed a boulder beetle
 11737 | D:9      | Noticed a deep elf pyromancer
 11815 | D:9      | Found a sacrificial altar of Ru.
 11948 | D:10     | Entered Level 10 of the Dungeon
 12017 | D:10     | Found a flagged portal.
 12030 | Bailey   | Entered a bailey
 12234 | Bailey   | Reached *** piety under Sif Muna
 12270 | Bailey   | Reached XP level 11. HP: 73/73 MP: 12/23
 12437 | Bailey   | Noticed an orc knight
 12448 | Bailey   | Killed an orc knight
 12449 | Bailey   | Reached skill level 10 in Conjurations
 12519 | Bailey   | Noticed an orc warlord
 12565 | Bailey   | Killed an orc warlord
 12623 | Bailey   | Acquired the Catalogue of the Windy Volcanoes
 12820 | D:5      | Bought a book of the Spheres for 594 gold pieces
 12826 | D:5      | Learned a level 5 spell: Iskenderun's Battlesphere
 13507 | D:9      | Noticed a sixfirhy
 13516 | D:9      | Slain by an ice devil

Illustrated notes

Levels and vault maps discovered:
D:1:      wheals_arrival_shading, layout_rooms,
          ebering_ecumenical_altar_petrified
D:2:      layout_basic, serial_shops, shop, minmay_pentomino_p4
D:3:      layout_basic, demons_altar, uniq_natasha
D:4:      layout_basic, nicolae_qazlal_scattered_showers,
          mainiacjoe_overflow_large_starburst, minmay_temple_entry_poolview,
          nicolae_concentric_dashed_squares_wild, hangedman_decor_points,
          hangedman_abyss_or_decor_jellyfish_corner, minmay_misc_feat_nine_boxes
D:5:      layout_basic, nzn_overflow_gifts_of_might_and_magic, zin_statuary,
          pdpol_wu_jian_five_deadly_venoms, kennysheep_little_box, serial_shops,
          nicolae_shop_stone
D:6:      layout_gridville, minmay_misc_feat_ornament
D:7:      layout_gridville, tgw_xom, uniq_crazy_yiuf_cottage, uniq_maggie,
          uniq_joseph
D:8:      layout_cave_pools, vehumet_altar_wand_db
D:9:      cheibrodos_fzero, layout_small_grid, kennysheep_mini_moat,
          nicolae_dithmenos_the_darkroom, mainiacjoe_overflow_24_doors,
          orc_0_dummy, minmay_radiant
D:10:     layout_irregular_city, grunt_temple_overflow_opulence,
          lair_entry_dummy, enter_bailey_3, serial_rivers,
          chequers_serial_rivers_small_3, chequers_serial_rivers_large_a,
          chequers_serial_rivers_small_3, chequers_serial_rivers_room_a
Temple:   corrupted_temple

Skill      XL: |  1  2  3  4  5  6  7  8  9 10 11 |
---------------+----------------------------------+-----
Conjurations   | 5 6 7 9 10 | 10.5
Spellcasting   | 3 4 5 7 8 |  8.9
Translocations | 2 3 5 |  5.0
Ice Magic      | 2 6 8 |  8.0
Dodging        | 3 |  3.9
Fighting       | 2 3 |  3.5
Armour         | 2 |  2.0
Stealth        | |  1.7
Fire Magic     | |  0.8

Action                   |  1- 3 |  4- 6 |  7- 9 | 10-12 || total
-------------------------+-------+-------+-------+-------++-------
Melee: Unarmed           |    29 |       |       |       ||    29
       Mace              |     4 |     6 |       |       ||    10
       Rapier            |     1 |       |       |       ||     1
 Cast: Magic Dart        |   100 |    78 |   169 |    78 ||   425
       Searing Ray       |     1 |     4 |    58 |    49 ||   112
       Iskenderun's Myst |       |       |     2 |     8 ||    10
       Frozen Ramparts   |       |       |    14 |    25 ||    39
       Iskenderun's Batt |       |       |       |     2 ||     2
Evoke: Wand              |       |       |       |     1 ||     1
  Use: Potion            |     1 |     2 |     2 |     6 ||    11
       Scroll            |       |     4 |     8 |     5 ||    17
 Stab: Sleeping          |     1 |       |       |       ||     1
Armor: Robe              |    14 |       |       |       ||    14
       Leather armour    |       |     2 |    30 |    23 ||    55
Dodge: Dodged            |    33 |    10 |    42 |    37 ||   122
Block: Other             |     5 |     2 |    14 |    18 ||    39
